 Dungeon Crawl Stone Soup version 0.27-a0-1612-gde56a17b89 (webtiles) character file.

Game seed: 1220254706714649969

40 siradein the Magician (level 3, -2/25 HPs)
             Began as a Djinni Enchanter on July 22, 2021.
             Slain by a phantom (8 damage)
             ... on level 2 of the Dungeon.
             The game lasted 00:05:07 (2832 turns).

siradein the Magician (Djinni Enchanter)            Turns: 2832, Time: 00:05:08

Health: -2/25      AC:  2    Str:  7    XL:     3   Next: 72%
Gold:   81         EV: 12    Int: 17    God:
                   SH:  0    Dex: 13

rFire    + + .     SeeInvis .   a - +1 dagger
rCold    x . .     Faith    .   (no shield)
rNeg     . . .     Spirit   .   b - +0 robe
rPois    ∞         Reflect  .   (no helmet)
rElec    .         Harm     .   (no cloak)
rCorr    .         Rampage  .   (no gloves)
Will     .....                  (boots unavailable)
Stlth    ++........             (no amulet)
HPRegen  0.08/turn              (no ring)
MPRegen  0.00/turn              (no ring)

@: confusing by touch, flying
A: sickness immunity, fire resistance 2, cold vulnerability 1, float, innate
caster, hp casting, extra vitality 1
a: no special abilities


You were on level 2 of the Dungeon.
You visited 1 branch of the dungeon, and saw 2 of its levels.

You collected 81 gold pieces.

Inventory:

Hand Weapons
 a - a +1 dagger (weapon)
Armour
 b - a +0 robe (worn)
Wands
 f - a wand of charming (6)
Scrolls
 c - a scroll of identify {unknown}
 d - a scroll of fog {unknown}
Potions
 e - a potion of heal wounds {unknown}


   Skills:
 - Level 0.8 Short Blades
 - Level 2.1 Dodging
 - Level 2.4 Stealth
 + Level 3.4 Spellcasting


You couldn't memorise any spells.
You knew the following spells:

 Your Spells              Type           Power      Damage    Failure   Level
a - Corona                Hex            15%        N/A       4%          1
b - Ensorcelled Hibernat  Hex/Ice        28%        N/A       6%          2
c - Confusing Touch       Hex            14%        N/A       12%         3
d - Tukima's Dance        Hex            14%        N/A       12%         3
e - Dazzling Flash        Conj/Hex       28%        N/A       12%         3
f - Freeze                Ice            56%        1d7       4%          1
Your spell library was empty.

Dungeon Overview and Level Annotations

Branches:
Dungeon (2/15)

Altars:


Innate Abilities, Weirdness & Mutations

You are immune to sickness and miasma.
You are immune to poison.
Your flesh is very heat resistant. (rF++)
You are vulnerable to cold. (rC-)
You float through the air rather than walking.
You learn spells naturally, not from books.
Your magical power is your life essence.
You have superior vitality. (+4 HP)


Message History

Aiming: Corona (safe; 4% risk of failure)
Press: ? - help, Shift-Dir - straight line, f - phantom
Aim: a phantom (chance to affect: 33%)
You miscast Corona.
You are very lightly contaminated with residual magic.
Nothing appears to happen.
You hit the phantom.
The phantom is lightly damaged.
The phantom closely misses you.
Casting: Corona (safe; 4% risk of failure)
Confirm with . or Enter, or press ? or * to list all spells.
Aiming: Corona (safe; 4% risk of failure)
Press: ? - help, Shift-Dir - straight line, f/p - phantom
Aim: a phantom (lightly damaged, chance to affect: 33%)
The phantom is outlined in light.
The phantom closely misses you.
You hit the phantom but do no damage.
The phantom is lightly damaged.
The phantom hits you!
You hit the phantom.
The phantom is lightly damaged.
The phantom hits you!
* * * LOW HITPOINT WARNING * * *
The phantom blinks!
You blink.
A frilled lizard and a bat come into view.
Found 13 gold pieces.
Found 13 gold pieces.
Your magical contamination has completely faded away.
The phantom stops glowing.
There is a stone staircase leading down here.
The phantom barely misses you.
There is a stone staircase leading up here.
The phantom hits you.
The phantom blinks!
You blink.
You stop ascending the stairs.
Found a stone staircase leading down.
Casting: Corona (safe; 4% risk of failure)
Confirm with . or Enter, or press ? or * to list all spells.
The spell is quite dangerous to cast (12% risk of failure)!
Continue anyway?
Your hands begin to glow red.
* * * LOW HITPOINT WARNING * * *
The phantom hits you!
You die...

#.# #.##.#
#.##############.##.#
#................#
#..###############
#..# ##..#########
............##
###.####.....#######.#
# #......§§....W@.>..#
.....###.....#########
###.## ##...## #.#
##.## #.# #.# #.. #.#
#.# #.#


You could see a phantom.

Vanquished Creatures
  An adder (D:2)
  2 dart slugs (D:1)
  A ball python (D:1)
  An endoplasm (D:2)
  4 hobgoblins
  4 jackals (D:1)
  4 quokkas
  A bat (D:2)
  4 frilled lizards
  2 kobolds (D:1)
  2 rats (D:1)
26 creatures vanquished.

Notes
Turn   | Place    | Note
-------+----------+-------------------------------------------
     0 | D:1      | siradein the Djinni Enchanter began the quest for the Orb.
     0 | D:1      | Reached XP level 1. HP: 15/15 MP: 0/0
   345 | D:1      | Reached XP level 2. HP: 19/21 MP: 0/0
   678 | D:1      | Reached skill level 3 in Spellcasting
  1784 | D:1      | Reached XP level 3. HP: 15/25 MP: 0/0
  1784 | D:1      | Learned a level 1 spell: Freeze
  2678 | D:2      | Found a faded altar of an unknown god.
  2777 | D:2      | Noticed a phantom
  2832 | D:2      | Slain by a phantom

Illustrated notes

Levels and vault maps discovered:
D:1:      sevenhm_arrival_forest_fort_large_4, layout_basic
D:2:      layout_loops_ring, hellmonk_ecumenical_altar_lost_god

Skill      XL: |  1  2 |
---------------+-------+-----
Spellcasting   | 3 |  3.4
Short Blades   | |  0.8
Dodging        | |  2.1
Stealth        | |  2.4

Action                   || total
-------------------------++-------
Melee: Dagger            ||   121
 Cast: Corona            ||    17
       Ensorcelled Hiber ||    16
       Confusing Touch   ||     1
 Stab: Sleeping          ||     9
Armor: Robe              ||     9
Dodge: Dodged            ||    80

Table legend: (Time is in decaauts)
 A = Elapsed time spent in this place.
 B = Non-inter-level travel time spent in this place.
 C = Inter-level travel time spent in this place.
 D = Time resting spent in this place.
 E = Time spent auto-exploring this place.
 F = Levels seen in this place.
 G = Mean time per level.
                   A        B        C        D        E       F      G
               +--------+--------+--------+--------+--------+-----+--------+
         Total |   2827 |   2794 |     33 |      0 |   2493 |   2 | 1413.5 |
       Dungeon |   2827 |   2794 |     33 |      0 |   2493 |   2 | 1413.5 |
               +--------+--------+--------+--------+--------+-----+--------+

Top non-repeatable levels by time:
     D:1: 1977 daAuts
     D:2: 850 daAuts
